 Dungeon Crawl Stone Soup version 0.23-a0-391-g8c51ad5 (webtiles) character file.

114 Gildeon the Cutter (level 4, -1/28 HPs)
             Began as a Deep Elf Fighter on Oct 30, 2018.
             Killed by nerve-wracking pain
             ... invoked by Grinder
              (11 damage)
             ... on level 3 of the Dungeon.
             The game lasted 00:08:27 (2219 turns).

Gildeon the Cutter (Deep Elf Fighter)               Turns: 2219, Time: 00:08:27

Health: -1/28      AC:  8    Str: 19    XL:     4   Next: 67%
Magic:  6/6        EV:  8    Int: 13    God:
Gold:   139        SH:  9    Dex: 14    Spells: 3/3 levels left

rFire    . . .     SeeInvis .   a - +1 rapier
rCold    . . .     Gourm    .   c - +0 shield
rNeg     . . .     Faith    .   b - +0 scale mail
rPois    .         Spirit   .   n - +0 helmet
rElec    .         Reflect  .   (no cloak)
rCorr    .         Harm     .   e - +0 pair of gloves (curse)
MR       .....                  (no boots)
Stlth    ..........             (no amulet)
HPRegen  0.09/turn              (no ring)
MPRegen  0.10/turn              (no ring)

@: mighty
A: no striking features
a: no special abilities


You were on level 3 of the Dungeon.
You were hungry.

You visited 1 branch of the dungeon, and saw 3 of its levels.

You collected 139 gold pieces.

Inventory:

Hand Weapons
 a - a +1 rapier (weapon)
Armour
 b - a +0 scale mail (worn)
 c - a +0 shield (worn)
 e - a cursed +0 pair of gloves (worn)
 k - a +0 large shield
 n - a +0 helmet (worn)
Scrolls
 j - a scroll of teleportation {unknown}
Potions
 i - a potion of resistance {unknown}
 l - a potion of mutation {unknown}
 m - a potion of degeneration {unknown}
Comestibles
 f - 9 rations
 g - 3 chunks of flesh


   Skills:
 + Level 3.1 Fighting
 * Level 3.7 Short Blades
 - Level 2.4 Armour
 + Level 2.3 Dodging
 - Level 2.4 Shields


You had 3 spell levels left.
You didn't know any spells.
Your spell library was empty.

Dungeon Overview and Level Annotations

Branches:
Dungeon (3/15)

Altars:

Annotations:
D:3 Grinder


Message History

You are feeling hungry.
Grinder hits you but does no damage.
You hit Grinder.
Grinder is moderately wounded.
Grinder hits you but does no damage.
You puncture Grinder!
Grinder is heavily wounded.
Grinder hits you but does no damage.
You puncture Grinder!
Grinder is severely wounded.
Grinder closely misses you.
You closely miss Grinder.
Grinder is severely wounded.
Grinder says, "Mostly I couldn't keep them alive."
Grinder blinks!
Grinder gestures at you. Pain shoots through your body!
Grinder gestures at you. Pain shoots through your body!
You die...

####.####.#.#### #.#
#.#.# #.####.#.#
#........# ######.###
#.# #.#
#.#####.#############
..%....@............#
...####5###########.#
#... #..... ##...##
##.## #.# #.#


You could see Grinder.

Vanquished Creatures
  Robin (D:3)
  3 adders
  A dart slug (D:1)
  4 leopard geckos
  2 ball pythons
  10 bats
  2 giant cockroaches
  14 goblins
  5 hobgoblins
  4 jackals (D:3)
  A quokka (D:2)
  9 frilled lizards
  6 kobolds (D:1)
  8 rats
70 creatures vanquished.

Notes
Turn   | Place    | Note
-------+----------+-------------------------------------------
     0 | D:1      | Gildeon the Deep Elf Fighter began the quest for the Orb.
     0 | D:1      | Reached XP level 1. HP: 13/13 MP: 3/3
   309 | D:1      | Reached XP level 2. HP: 18/18 MP: 4/4
   362 | D:1      | Reached skill level 1 in Dodging
   738 | D:1      | Reached XP level 3. HP: 21/22 MP: 5/5
  1410 | D:2      | Reached XP level 4. HP: 24/27 MP: 6/6
  1731 | D:3      | Noticed Robin
  1759 | D:3      | Killed Robin
  2171 | D:3      | Noticed Grinder
  2171 | D:3      | Paralysed by Grinder for 4 turns
  2186 | D:3      | Paralysed by Grinder for 5 turns
  2219 | D:3      | Killed from afar by Grinder

Vault maps used:
D:1:      kennysheep_arrival_seaside, minmay_split_cup_large
D:2:      first_ration, minmay_lizard_king
D:3:      uniq_sigmund, uniq_grinder, uniq_robin

Skill      XL: |  1  2  3  4 |
---------------+-------------+-----
Dodging        | 1 2 |  2.3
Short Blades   | 3 |  3.7
Fighting       | 3 |  3.1
Armour         | |  2.4
Shields        | |  2.4

Action                   |  1- 3 |  4- 6 || total
-------------------------+-------+-------++-------
Melee: Rapier            |   151 |    73 ||   224
  Use: Scroll            |     5 |       ||     5
       Potion            |       |     2 ||     2
  Eat: Chunk             |     2 |     2 ||     4
Armor: Scale mail        |    65 |    31 ||    96
Dodge: Dodged            |    54 |    26 ||    80
Block: Shield            |    71 |    43 ||   114

Table legend:
 A = Non-vault XP
 B = Vault XP
 C = Vault XP percentage of total XP
 D = Non-vault monster count
 E = Vault monster count
 F = Vault count percentage of total count
                 A         B        C        D         E       F
            +---------+---------+-------+---------+---------+-------
      Total |     119 |      45 |  27.4 |      51 |      19 |  27.1
            +---------+---------+-------+---------+---------+-------
        D:1 |      38 |       5 |  11.6 |      24 |       4 |  14.3
        D:2 |      58 |       6 |   9.4 |      20 |       4 |  16.7
        D:3 |      23 |      34 |  59.6 |       7 |      11 |  61.1
            +---------+---------+-------+---------+---------+-------
